 Dungeon Crawl Stone Soup version 0.29-a0-1039-gfc20370e89 (webtiles) character file.

Game seed: 12032116696685464481

32 BritishOli the Trooper (level 3, 29/29 HPs)
             Began as a Demonspawn Fighter on Aug 15, 2022.
             Got out of the dungeon alive.
             The game lasted 00:00:59 (727 turns).

BritishOli the Trooper (Demonspawn Fighter)          Turns: 727, Time: 00:01:00

Health: 29/29      AC:  6    Str: 18    XL:     3   Next: 8%
Magic:  3/3        EV:  9    Int:  9    God:
Gold:   37         SH:  4    Dex: 12    Spells: 2/2 levels left

rFire   . . .      SeeInvis .   a - +0 long sword
rCold   . . .      Faith    .   c - +0 buckler
rNeg    . . .      Spirit   .   b - +0 scale mail
rPois   .          Reflect  .   (helmet restricted)
rElec   .          Harm     .   (no cloak)
rCorr   .          Rampage  .   (no gloves)
Will    .....                   (no boots)
Stlth   ..........              (no amulet)
HPRegen 0.09/turn               (no ring)
MPRegen 0.08/turn               (no ring)

@: no status effects
A: horns 1, demonic magic 1
a: no special abilities


You escaped.
You visited 1 branch of the dungeon, and saw 1 of its levels.

You collected 37 gold pieces.

Inventory:

Hand Weapons
 a - a +0 long sword (weapon)
Armour
 b - a +0 scale mail (worn)
 c - a +0 buckler (worn)
Scrolls
 f - 4 scrolls of identify {unknown}
Potions
 d - a potion of might
 e - 2 potions of attraction {unknown}


   Skills:
 + Level 3.3 Fighting
 + Level 2.2 Long Blades
 + Level 3.0 Armour
 + Level 3.0 Shields


You had 2 spell levels left.
You didn't know any spells.
Your spell library contained the following spells:

 Spells                   Type           Power      Damage    Failure   Level
 Apportation              Tloc           0%         N/A       86%         1
 Necrotise                Necr           0%         1d4       86%         1
 Summon Small Mammal      Summ           0%         N/A       86%         1


Dungeon Overview and Level Annotations

Branches:
Dungeon (1/15)

Altars:

Shops:
D:1 [


Innate Abilities, Weirdness & Mutations

You have a pair of small horns on your head.
Spells you cast may paralyse adjacent enemies.


Message History

You kill the quokka!
The quokka bites you.
You have reached level 3!
Your experience leads to an increase in your attributes!
Increase (S)trength, (I)ntelligence, or (D)exterity?
You feel stronger. x2; Your demonic ancestry asserts itself...
A menacing aura infuses your magic.
You hit the quokka. Your headbutt misses the quokka.
The quokka is severely wounded.
The quokka barely misses you. x2
You closely miss the quokka.
The quokka is severely wounded.
You block the quokka's attack. The quokka barely misses you. x2
You slash the quokka!
You kill the quokka!
The quokka bites you but does no damage.
A frilled lizard comes into view.
The frilled lizard hisses angrily.
You hit the quokka but do no damage. You headbutt the quokka.
The quokka is moderately wounded.
The quokka closely misses you. You block the quokka's attack.
You barely miss the quokka.
The quokka is lightly wounded.
The quokka barely misses you.
The quokka bites you but does no damage.
You slash the quokka!
You kill the quokka!
Things that are here:
a +0 dagger; a quokka corpse You closely miss the frilled lizard.
The frilled lizard bites you but does no damage.
You barely miss the frilled lizard. You headbutt the frilled lizard.
You kill the frilled lizard!
No target in view!
There is a staircase leading out of the dungeon here.
(D) Dungeon
Where to? (Enter - D:1 @ (x,y), ? - help)
Okay, then.
Are you sure you want to leave the Dungeon?
This will make you lose the game!
You have escaped!

####### #.....###### .# ......##
#.......# #.# .......##
#####.......###..# ........#
#####..........†....#
........####.....###......†..###
.............##### #..(...!...#
........###### #........#..>#
......#.# ##### #.......[###.#
......#.# ####.#@#........)†# .#
......#.# #.....####......†..# .
.###..#.####.##..# #...........#
.# #..##..#..###.#
#.............
..###.####..####.#
#........####. ..# ..# ##.#
#..#........### ......# #.#
#.##..#...#.. ....#.#####.###.##
.....# P.....##.'...#...#


There were no monsters in sight!

Vanquished Creatures
  A dart slug (D:1)
  3 bats (D:1)
  3 endoplasms (D:1)
  3 goblins (D:1)
  A hobgoblin (D:1)
  4 jackals (D:1)
  5 quokkas (D:1)
  2 ball pythons (D:1)
  A frilled lizard (D:1)
23 creatures vanquished.

Vanquished Creatures (others)
  A plant (D:1)
1 creature vanquished.

Grand Total: 24 creatures vanquished

Notes
Turn   | Place    | Note
-------+----------+-------------------------------------------
     0 | D:1      | BritishOli the Demonspawn Fighter began the quest for the
                  | Orb.
     0 | D:1      | Reached XP level 1. HP: 18/18 MP: 1/1
   165 | D:1      | Found Exesulac's Antique Armour Shop.
   169 | D:1      | Found a faded altar of an unknown god.
   179 | D:1      | Gained mutation: You have a pair of small horns on your
                  | head. [demonic ancestry]
   179 | D:1      | Reached XP level 2. HP: 20/24 MP: 2/2
   685 | D:1      | Gained mutation: Spells you cast may paralyse adjacent
                  | enemies. [demonic ancestry]
   685 | D:1      | Reached XP level 3. HP: 28/29 MP: 3/3
   727 | D:$      | Got out of the dungeon alive.

Illustrated notes

Levels and vault maps discovered:
D:1:      dpeg_arrival_round_a, layout_rooms, serial_shops,
          nicolae_shop_behind_doors, shop, nicolae_diamond_shop,
          dreamdust_ecumenical_altar_grove

Skill      XL: |  1  2 |
---------------+-------+-----
Long Blades    | 2 |  2.2
Armour         | 3 |  3.0
Shields        | 3 |  3.0
Fighting       | |  3.3

Action                   || total
-------------------------++-------
Melee: Long sword        ||    50
       Headbutt          ||     8
Armor: Scale mail        ||    31
Dodge: Dodged            ||    32
Block: Buckler           ||    16

Table legend: (Time is in decaauts)
 A = Elapsed time spent in this place.
 B = Non-inter-level travel time spent in this place.
 C = Inter-level travel time spent in this place.
 D = Time resting spent in this place.
 E = Time spent auto-exploring this place.
 F = Levels seen in this place.
 G = Mean time per level.
                   A        B        C        D        E       F      G
               +--------+--------+--------+--------+--------+-----+--------+
         Total |    744 |    712 |     32 |    215 |    372 |   1 |  744.0 |
       Dungeon |    744 |    712 |     32 |    215 |    372 |   1 |  744.0 |
               +--------+--------+--------+--------+--------+-----+--------+

Top non-repeatable levels by time:
     D:1: 744 daAuts
